AoeStats
← evrenos

Black Forest

504326925Analyzed
2v2 RM · 27d ago on Sep 4, 2026· 54m 58s· 4 players
Game mode
Random Map
Map size
Medium (4 player)
Population
200
Speed
Normal
Resources
Standard
Victory
Conquest
Starting age
Dark Age
Ending age
Imperial Age
RankedLock teamsTeams togetherTeam positionsShared explorationLock speedFull tech treeHidden civsTurbo modeCheats
Victory
Defeat
🇹🇷 Lithuanians · Türkiye
1083
+16
🇹🇷 Turks · Türkiye
1038
+17
🇵🇪 Magyars · Peru
1090
-17
🇨🇷 Bohemians · Costa Rica
1068
-16
rafael9530
0:55 Loom
13:21 Feudal Age
19:47 Castle Age
20:50 Double-Bit Axe
22:22 Horse Collar
26:11 Bow Saw
26:31 Heavy Plow
29:16 Imperial Age
28:38 Chemistry
El chico del Dest1no
8:12 Loom
10:06 Feudal Age
10:49 Double-Bit Axe
11:46 Horse Collar
20:13 Castle Age
22:52 Wheelbarrow
22:44 Bow Saw
25:33 Heavy Plow
26:24 Hand Cart
26:25 Gold Mining
26:55 Stone Mining
33:07 Imperial Age
31:22 Gold Shaft Mining
32:49 Scale Barding Armor
32:45 Town Watch
33:32 Fletching
34:06 Chain Barding Armor
33:50 Padded Archer Armor
34:54 Two-Man Saw
34:27 Crop Rotation
34:38 Town Patrol
35:34 Plate Barding Armor
34:57 Bodkin Arrow
36:45 Conscription
36:29 Recurve Bow
36:35 Bracer
37:32 Leather Archer Armor
37:40 Ballistics
38:20 Chemistry
37:52 Parthian Tactics
37:47 Heavy Cavalry Archer
39:20 Ring Archer Armor
39:48 Elite Magyar Huszar
41:01 Corvinian Army
41:59 Thumb Ring
45:25 Onager
48:29 Scale Mail Armor
evrenos
0:47 Loom
12:11 Feudal Age
18:07 Castle Age
16:21 Double-Bit Axe
16:21 Horse Collar
32:16 Imperial Age
30:26 Scale Barding Armor
30:32 Forging
31:25 Wheelbarrow
30:38 Town Watch
36:58 Elite Leitis
38:00 Conscription
38:55 Chain Barding Armor
39:10 Iron Casting
40:11 Plate Barding Armor
41:54 Fletching
42:38 Capped Ram
44:14 Heavy Plow
44:27 Bow Saw
45:05 Ballistics
44:57 Masonry
48:45 Chemistry
52:20 Treadmill Crane
braveheart
2:09 Loom
13:12 Feudal Age
15:19 Horse Collar
15:38 Double-Bit Axe
22:13 Castle Age
22:55 Heavy Plow
23:32 Bow Saw
34:51 Imperial Age
32:58 Wheelbarrow
33:42 Padded Archer Armor
33:32 Fletching
33:53 Forging
33:55 Gold Mining
33:56 Stone Mining
35:53 Fortified Wall
37:12 Conscription
37:56 Gold Shaft Mining
39:26 Leather Archer Armor
39:07 Bodkin Arrow
39:12 Scale Mail Armor
39:18 Scale Barding Armor
39:42 Guilds
40:21 Caravan
40:54 Coinage
42:39 Elite Janissary
45:22 Artillery
48:00 Heavy Cavalry Archer
49:13 Parthian Tactics
48:17 Heavy Cavalry Archer
50:05 Banking
50:02 Chain Barding Armor
49:57 Chain Mail Armor
50:13 Ring Archer Armor
49:50 Husbandry
51:07 Bloodlines
53:35 Two-Man Saw
52:33 Bodkin Arrow
53:14 Plate Barding Armor
53:10 Plate Mail Armor
53:23 Ballistics
Connection lost

Rejoining the realm…

Still unreachable

The connection could not be restored.

Session expired

The server has moved on; the page needs a fresh start.